 Dungeon Crawl Stone Soup version 0.20.1-1-g8b1a95d (webtiles) character file.

54 Lanoc the Sneak (level 3, 0/30 HPs)
             Began as a Ghoul Assassin on Dec 8, 2017.
             Slain by a goblin (2 damage)
             ... on level 2 of the Dungeon on Dec 9, 2017.
             The game lasted 00:04:47 (988 turns).

Lanoc the Sneak (Ghoul Assassin)                     Turns: 988, Time: 00:04:48

Health: 0/30       AC:  5    Str: 14    XL:     3   Next: 91%
Magic:  2/2        EV: 12    Int:  9    God:
Gold:   57         SH:  0    Dex: 11    Spells: 2/2 levels left

rFire    . . .     SeeInvis .   a - +2 dagger
rCold    + . .     Gourm    .   (no shield)
rNeg     + + +     Faith    .   c - +0 robe
rPois    ∞         Spirit   .   i - +1 helmet
rElec    .         Reflect  .   d - +0 cloak
rCorr    .         Harm     .   (no gloves)
MR       .....                  (no boots)
Stlth    +++.......             (no amulet)
Regen    0.0/turn               o - +3 ring of intelligence
MPRegen  0.1/turn               (no ring)

@: rotting
A: rotting body, claws 1, carnivore 3, cold resistance 1, negative energy
resistance 3, inhibited regeneration, torment resistance, unbreathing
a: no special abilities


You were on level 2 of the Dungeon.
You were not hungry.

You visited 1 branch of the dungeon, and saw 2 of its levels.

You collected 57 gold pieces.

Inventory:

Hand Weapons
 a - a +2 dagger (weapon)
 b - a +0 blowgun
Missiles
 e - 8 poisoned needles
 f - 2 curare-tipped needles
Armour
 c - a +0 robe (worn)
 d - a +0 cloak (worn)
 i - a +1 helmet (worn)
Jewellery
 o - a +3 ring of intelligence (left claw)
Scrolls
 k - a scroll of fog {unknown}
 l - a scroll of teleportation {unknown}
 m - a scroll of blinking {unknown}
Potions
 j - a potion of magic {unknown}
 n - 2 potions of haste {unknown}
 p - a potion of ambrosia {unknown}
Comestibles
 g - a meat ration
 q - a royal jelly


   Skills:
 + Level 2.5 Fighting
 * Level 2.2 Short Blades
 + Level 2.1 Throwing
 + Level 1.4 Dodging
 * Level 5.1 Stealth


You had 2 spell levels left.
You didn't know any spells.

Dungeon Overview and Level Annotations

Branches:
Dungeon (2/15)

Altars:


Innate Abilities, Weirdness & Mutations

Your body is rotting away.
You thrive on raw meat.
You are immune to poison.
You have sharp fingernails.
You are carnivorous and can eat meat at any time.
Your flesh is cold resistant. (rC+)
You are immune to negative energy. (rN+++)
You do not regenerate when monsters are visible.
You are immune to unholy pain and torment.
You can survive without breathing.


Message History

The goblin hits you but does no damage.
You miss the adder.
The adder is almost dead.
The bat hits you but does no damage. The adder bites you but does no damage.
You closely miss the adder.
The adder is almost dead.
The bat closely misses you. The adder barely misses you.
The goblin completely misses you. The bat closely misses you.
The adder misses you.
You miss the adder.
The adder is almost dead.
The bat barely misses you. The goblin hits you.
* * * LOW HITPOINT WARNING * * *
The adder bites you.
* * * LOW HITPOINT WARNING * * *
You hit the adder.
You kill the adder!
The bat closely misses you. The bat hits you but does no damage.
The goblin hits you.
You die...

#...# #...# #...# #####
# #####...###....
..###...>.......#### # #
...................#.#.#
#.###..........w# .....
. #####.w.###g##......
#...# #b@†...# #...#
####.#..#.# #...#
#.##.#.# ##.## #.#....#
#######..# ##......###
....<...## #..........
..####..# #.#.....#
....(...#######.##....#
.....##..........).....#


You could see a worm, a goblin and a bat.

Vanquished Creatures
  3 adders (D:2)
  A dart slug (D:1)
  A leopard gecko (D:1)
  A giant cockroach (D:1)
  A goblin (D:1)
  2 hobgoblins
  5 kobolds (D:1)
  A quokka (D:2)
  5 bats (D:1)
  2 frilled lizards (D:1)
  5 rats
27 creatures vanquished.

Notes
Turn   | Place    | Note
-------+----------+-------------------------------------------
     0 | D:1      | Lanoc the Ghoul Assassin began the quest for the Orb.
     0 | D:1      | Reached XP level 1. HP: 17/17 MP: 0/0
    60 | D:1      | Reached skill level 1 in Dodging
   134 | D:1      | Reached XP level 2. HP: 13/24 MP: 1/1
   846 | D:2      | Reached XP level 3. HP: 30/30 MP: 2/2
   851 | D:2      | Reached skill level 5 in Stealth
   988 | D:2      | Slain by a goblin

Skill      XL: |  1  2  3 |
---------------+----------+-----
Dodging        | 1 |  1.4
Throwing       | 2 |  2.1
Short Blades   | 2 |  2.2
Stealth        | 5 |  5.1
Fighting       | |  2.5

Action                   || total
-------------------------++-------
Melee: Dagger            ||   138
 Stab: Sleeping          ||     5
  Eat: Chunk             ||     6
Armor: Robe              ||    57
Dodge: Dodged            ||   127
